 Dungeon Crawl Stone Soup version 0.29.0-4-gdea44cf6ec (webtiles) character file.

Game seed: 7557915123707202623

49 qw the Chopper (level 3, -5/21 HPs)
             Began as a Tengu Warper on Aug 28, 2022.
             Slain by Terence
             ... wielding a +0 hand axe
              (6 damage)
             ... on level 2 of the Dungeon.
             The game lasted 00:00:05 (1053 turns).

qw the Chopper (Tengu Warper)                       Turns: 1053, Time: 00:00:06

Health: -5/21      AC:  8    Str: 13    XL:     3   Next: 77%
Magic:  7/7        EV:  5    Int: 13    God:
Gold:   27         SH:  4    Dex: 13    Spells: 6/6 levels left

rFire   + . .      SeeInvis .   Y - +0 hand axe
rCold   . . .      Faith    .   m - +0 buckler
rNeg    . . .      Spirit   .   f - +0 chain mail
rPois   .          Reflect  .   (helmet restricted)
rElec   .          Harm     .   (no cloak)
rCorr   .          Rampage  .   (no gloves)
Will    .....                   (boots unavailable)
Stlth   ..........              (no amulet)
HPRegen 0.07/turn               l - ring of protection from fire
MPRegen 0.10/turn               (no ring)

@: no status effects
A: beak, talons 3
a: no special abilities


You were on level 2 of the Dungeon.
You visited 1 branch of the dungeon, and saw 2 of its levels.

You collected 27 gold pieces.


Innate Abilities, Weirdness & Mutations

You have a beak for a mouth.
You have claws for feet.


   Skills:
 - Level 2.0 Fighting
 + Level 3.7 Axes
 - Level 1.0 Throwing
 - Level 1.1 Armour
 - Level 2.1 Dodging
 - Level 1.8 Shields
 - Level 2.0 Spellcasting
 - Level 2.4 Translocations


You had 6 spell levels left.
You didn't know any spells.
Your spell library contained the following spells:

 Spells                   Type           Power      Damage    Failure   Level
 Blink                    Tloc           14%        N/A       100%        2
 Gell's Gravitas          Tloc           7%         N/A       100%        3
 Lesser Beckoning         Tloc           7%         N/A       100%        3
 Teleport Other           Tloc           7%         N/A       100%        3
 Manifold Assault         Tloc           7%         N/A       100%        5

Inventory:

Hand Weapons
 e - a +0 whip
 Y - a +0 hand axe (weapon)
Armour
 f - a +0 chain mail (worn)
 m - a +0 buckler (worn)
Jewellery
 l - a ring of protection from fire (left hand)
Scrolls
 n - a scroll of identify
Potions
 d - a potion of heal wounds {unknown}
 k - a potion of might {unknown}
 o - a potion of resistance {unknown}

Dungeon Overview and Level Annotations

Branches:
Dungeon (2/15)

Altars:

Shops:
D:1 [

Annotations:
D:2 Terence


Message History

You open the door.
Terence the Incautious comes into view.
He is wielding a +0 hand axe and wearing a +2 scale mail of fire resistance.
Terence shouts!
Found a leather armour.
Enter note: You hit Terence.
Terence is lightly wounded.
Terence hits you with a +0 hand axe.
You barely miss Terence. You claw Terence, but do no damage.
You peck Terence, but do no damage.
Terence is lightly wounded.
Terence hits you but does no damage.
You hit Terence.
Terence is moderately wounded.
Terence shouts, "Now you die!" Terence hits you with a +0 hand axe. x2
You barely miss Terence. Your kick misses Terence.
Terence is moderately wounded.
Terence barely misses you.
You closely miss Terence. You peck Terence.
Terence is heavily wounded.
You block Terence's attack.
You closely miss Terence. Your peck misses Terence.
Terence is heavily wounded.
Terence hits you with a +0 hand axe.
You hit Terence but do no damage. You claw Terence.
You peck Terence, but do no damage.
Terence is heavily wounded.
Terence hits you with a +0 hand axe.
You hit Terence but do no damage. You claw Terence, but do no damage.
You peck Terence, but do no damage.
Terence is heavily wounded.
Terence hits you with a +0 hand axe.
You hit Terence. You claw Terence.
Terence is severely wounded.
You block Terence's attack.
You closely miss Terence.
Terence is severely wounded.
Terence hits you with a +0 hand axe. x2
You die...

#####.......############
# #....................#
# #.#..>....####.#####..
# #.##......###...##
###.##....#.##.....#
............###...##
###.######### ##.## #.#
#.# ###.###### #@#
#.)......# #@#
#.#.####.# ... #.#.####
# ..... #.#.|#.#.#
.......
#...)....###.........
####.......+....[....+
.<.......###.........#
.#.....#.#


You could see Terence.

Vanquished Creatures
  Jessica (D:2)
  A dart slug (D:1)
  3 bats (D:1)
  An endoplasm (D:1)
  5 hobgoblins (D:1)
  3 jackals (D:1)
  2 kobolds (D:1)
  A ball python (D:2)
  2 frilled lizards (D:1)
  A rat (D:1)
20 creatures vanquished.

Notes
Turn   | Place    | Note
-------+----------+-------------------------------------------
     0 | D:1      | qw the Tengu Warper began the quest for the Orb.
     0 | D:1      | Reached XP level 1. HP: 12/12 MP: 4/4
     0 | D:1      | 0 ||| qw: Version: 0.1-a-89-g26bdef1
     0 | D:1      | 0 ||| qw: Game counter: 3106
     0 | D:1      | 0 ||| qw: Always use a shield: true
     0 | D:1      | 0 ||| qw: God list: Okawaru
     0 | D:1      | 0 ||| qw: Allow faded altars: false
     0 | D:1      | 0 ||| qw: Do Orc after D:15 true
     0 | D:1      | 0 ||| qw: Do second Lair branch before Depths: true
     0 | D:1      | 0 ||| qw: Lair rune preference: random
     0 | D:1      | 0 ||| qw: Plans: Normal
     0 | D:1      | 0 ||| PLANNING D:1-11
     6 | D:1      | 6 ||| Stepping ~*~*~tactically~*~*~ (hiding).
   139 | D:1      | Reached skill level 3 in Axes
   139 | D:1      | Reached XP level 2. HP: 17/17 MP: 6/6
   307 | D:1      | Found Zumar's Antique Armour Emporium.
   319 | D:1      | 319 ||| SHOPLISTING pair of gloves (126 gold, have 0).
   829 | D:1      | 829 ||| UPGRADING to +0 chain mail.
   839 | D:1      | 839 ||| DROPPING +0 leather armour.
   840 | D:1      | 840 ||| UPGRADING to +0 buckler.
   845 | D:1      | 845 ||| UPGRADING to ring of protection from fire.
   846 | D:1      | 846 ||| READING scroll labelled BOGUOBRUUDGH.
   847 | D:1      | 847 ||| READING scroll labelled ZAJAZA TUFIO.
   848 | D:1      | 848 ||| READING scroll labelled GINESM VENI.
   849 | D:1      | 849 ||| READING scroll labelled MUUCARADOPT.
   854 | D:1      | 854 ||| READING 2 scrolls labelled VEPNAX BUGESI.
   855 | D:1      | 855 ||| DROPPING scroll of blinking.
   880 | D:2      | Noticed Jessica
   881 | D:2      | 881 ||| Stepping ~*~*~tactically~*~*~ (stealth).
   883 | D:2      | 883 ||| Stepping ~*~*~tactically~*~*~ (hiding).
   886 | D:2      | Reached XP level 3. HP: 21/21 MP: 7/7
   886 | D:2      | 886 ||| Stepping ~*~*~tactically~*~*~ (hiding).
   894 | D:2      | Killed Jessica
   895 | D:2      | Reached skill level 1 in Shields
  1043 | D:2      | Noticed Terence
  1046 | D:2      | HP: 5/21 [Terence/+0 hand axe (4)]
  1051 | D:2      | HP: 2/21 [Terence/+0 hand axe (2)]
  1053 | D:2      | Slain by Terence

Levels and vault maps discovered:
D:1:      lightli_arrival_statuegarden, layout_basic, serial_shops,
          nicolae_shop_trees
D:2:      layout_loops_corners, ebering_ecumenical_altar_webs, uniq_jessica,
          uniq_terence

Skill      XL: |  1  2  3 |
---------------+----------+-----
Axes           | 3 |  3.7
Shields        | 1 |  1.8
Fighting       | |  2.0
Throwing       | |  1.0
Armour         | |  1.1
Dodging        | |  2.1
Spellcasting   | |  2.0
Translocations | |  2.4

Action                   || total
-------------------------++-------
Melee: Hand axe          ||    43
       Peck              ||     8
       Kick              ||    14
Throw: Boomerang         ||     7
  Use: Scroll            ||     5
Armor: Leather armour    ||     9
       Chain mail        ||     3
Dodge: Dodged            ||    13
Block: Buckler           ||     3

Table legend:
 A = Non-vault XP
 B = Vault XP
 C = Vault XP percentage of total XP
 D = Non-vault monster count
 E = Vault monster count
 F = Vault count percentage of total count
                 A         B        C        D         E       F
            +---------+---------+-------+---------+---------+-------
      Total |      34 |      37 |  52.1 |      19 |       1 |   5.0
            +---------+---------+-------+---------+---------+-------
        D:1 |      33 |       0 |   0.0 |      18 |       0 |   0.0
        D:2 |       1 |      37 |  97.4 |       1 |       1 |  50.0
            +---------+---------+-------+---------+---------+-------
